 Dungeon Crawl Stone Soup version 0.27.1 (webtiles) character file.

Game seed: 4406271450610499025

2279 greenlake the Fighter (level 9, -3/75 HPs)
             Began as a Demonspawn Gladiator on Aug 31, 2021.
             Was an Initiate of Okawaru.
             Slain by a wyvern zombie (7 damage)
             ... on level 7 of the Dungeon.
             The game lasted 00:16:01 (7235 turns).

greenlake the Fighter (Demonspawn Gladiator)        Turns: 7235, Time: 00:16:02

Health: -3/75      AC: 11    Str: 22    XL:     9   Next: 16%
Magic:  9/9        EV: 12    Int:  9    God:    Okawaru [......]
Gold:   361        SH:  0    Dex: 18    Spells: 8/8 levels left

rFire    . . .     SeeInvis .   t - +6 hand axe of Impermanence {vorpal, Contam rPois Str+5 Dex+2}
rCold    . . .     Faith    .   (no shield)
rNeg     . . .     Spirit   .   b - +0 leather armour
rPois    +         Reflect  .   c - +0 helmet
rElec    .         Harm     .   (no cloak)
rCorr    .         Rampage  .   (no gloves)
Will     .....                  (no boots)
Stlth    +.........             (no amulet)
HPRegen  0.22/turn              j - +4 ring of protection
MPRegen  0.11/turn              (no ring)

@: no status effects
A: talons 1, icy blue scales 2
a: Renounce Religion


You were on level 7 of the Dungeon.
You worshipped Okawaru.
Okawaru was noncommittal.
You visited 2 branches of the dungeon, and saw 8 of its levels.

You collected 361 gold pieces.

Inventory:

Hand Weapons
 a - a +0 long sword
 p - a +2 short sword of venom
 t - the +6 hand axe of Impermanence (weapon) {vorpal, Contam rPois Str+5 Dex+2}
   (You found it on level 4 of the Dungeon)

   It inflicts extra damage upon your enemies.
   Str:       It affects your strength (+5).
   Dex:       It affects your dexterity (+2).
   rPois:     It protects you from poison.
   Contam:    It causes magical contamination when unequipped.
Missiles
 d - 3 throwing nets
 i - 9 javelins (quivered)
 n - 10 boomerangs
Armour
 b - a +0 leather armour (worn)
 c - a +0 helmet (worn)
Jewellery
 g - an amulet of magic regeneration
 j - a +4 ring of protection (left hand)
 k - a ring of willpower
 u - a ring of fire
 C - an amulet of reflection
Wands
 r - a wand of digging (7)
 y - a wand of flame (33)
Scrolls
 f - 8 scrolls of identify {unknown}
 h - a scroll of brand weapon {unknown}
 o - 2 scrolls of fog {unknown}
 q - a scroll of fear {unknown}
 s - a scroll of magic mapping {unknown}
 v - 2 scrolls of immolation {unknown}
 w - a scroll of noise {unknown}
 x - a scroll of enchant weapon {unknown}
 z - 3 scrolls of amnesia {unknown}
 D - 3 scrolls of silence {unknown}
 F - a scroll of blinking {unknown}
Potions
 e - a potion of heal wounds
 l - 5 potions of curing {unknown}
 m - a potion of might {unknown}
 A - a potion of flight {unknown}
 B - a potion of brilliance {unknown}
 E - 2 potions of ambrosia {unknown}


   Skills:
 + Level 8.9 Fighting
 - Level 6.5 Long Blades
 + Level 5.0 Axes
 - Level 1.7 Throwing
 - Level 2.6 Dodging


You had 8 spell levels left.
You didn't know any spells.
Your spell library contained the following spells:

 Spells                   Type           Power      Damage    Failure   Level
 Corona                   Hex            0%         N/A       43%         1
 Foxfire                  Conj/Fire      0%         2x1d4     43%         1
 Ensorcelled Hibernation  Hex/Ice        0%         N/A       56%         2
 Conjure Flame            Conj/Fire      0%         6-21      80%         3
 Inner Flame              Hex/Fire       0%         N/A       80%         3
 Tukima's Dance           Hex            0%         N/A       80%         3


Dungeon Overview and Level Annotations

Branches:
Dungeon (7/15)             Temple (1/1) D:5

Altars:
Ashenzari
Cheibriados
Dithmenos
Elyvilon
Fedhas
Gozag
Hepliaklqana
Makhleb
Nemelex Xobeh
Okawaru
Qazlal
Ru
Sif Muna
Trog
Uskayaw
Vehumet
Wu Jian
Xom
Yredelemnul
Zin


Innate Abilities, Weirdness & Mutations

You have sharp toenails.
You are mostly covered in icy blue scales. (AC +3)


Message History

The gnoll hits you but does no damage. The gnoll closely misses you.
The gnoll barely misses you. The gnoll barely misses you.
The gnoll hits you with a +0 spear.
You barely miss the gnoll. You claw the gnoll.
The gnoll is almost dead.
The gnoll hits you but does no damage. x3
You barely miss the gnoll. You claw the gnoll, but do no damage.
The gnoll is almost dead.
The gnoll hits you from afar with a +0 spear.
The gnoll hits you but does no damage.
You slash the gnoll!
You kill the gnoll!
Okawaru accepts your kill.
The gnoll hits you from afar with a +0 spear.
The gnoll hits you with a +0 spear.
Things that are here:
a +0 spear; a gnoll corpse You slash the gnoll!
You kill the gnoll!
Okawaru accepts your kill. The wyvern zombie closely misses you.
You hit the wyvern zombie.
You claw the wyvern zombie, but do no damage.
The wyvern zombie is lightly damaged.
The wyvern zombie bites you.
You hit the wyvern zombie but do no damage.
You claw the wyvern zombie, but do no damage.
The wyvern zombie is lightly damaged.
The wyvern zombie misses you. The wyvern zombie bites you!
* * * LOW HITPOINT WARNING * * *
You slash the wyvern zombie! You claw the wyvern zombie.
The wyvern zombie is moderately damaged.
The wyvern zombie bites you.
* * * LOW HITPOINT WARNING * * *
You completely miss the wyvern zombie. You claw the wyvern zombie.
The wyvern zombie is heavily damaged.
The wyvern zombie bites you!
* * * LOW HITPOINT WARNING * * *
The wyvern zombie bites you!
You die...

#######............
#............♣.8.8
#####...........###
##
...##...............
...##..#........)#...
...........##.##)# #.
...#######.....#)#
...# #8# #..##.#Z#
...# #.# #..##.#@#
.#.# #.# #..##...#
.#.###.###.###...#
.#.##...##.###...#
.#.##...##....|.>#
.#.##...##.#######
.#.##...##.#
.#.##...##.#######
.#.......†........


You could see a wyvern zombie.

Vanquished Creatures
  Grinder (D:5)
  Prince Ribbit (D:5)
  A water moccasin (D:5)
  A black bear (D:7)
  2 ice beasts
  A sky beast (D:5)
  An orc warrior (D:6)
  2 centaurs
  A phantom (D:5)
  2 bullfrogs (D:7)
  3 scorpions
  A wyvern skeleton (D:7)
  A centaur zombie (D:5)
  A gnoll shaman (D:7)
  2 hounds
  4 iguanas
  2 orc priests
  Ijyb (D:3)
  Natasha (thrice) (D:3)
  2 orc wizards
  2 hound skeletons
  A howler monkey skeleton (D:4)
  8 gnolls
  5 adders
  A shadow imp (D:6)
  2 white imps
  2 worms
  2 dart slugs
  15 orcs
  8 endoplasms
  16 giant cockroaches
  6 goblins
  4 hobgoblins
  4 jackals
  4 quokkas
  8 ball pythons
  5 bats
  4 frilled lizards
  6 kobolds
  7 rats
143 creatures vanquished.

Notes
Turn   | Place    | Note
-------+----------+-------------------------------------------
     0 | D:1      | greenlake the Demonspawn Gladiator began the quest for the
                  | Orb.
     0 | D:1      | Reached XP level 1. HP: 16/16 MP: 1/1
   205 | D:1      | Gained mutation: You have sharp toenails. [demonic
                  | ancestry]
   205 | D:1      | Reached XP level 2. HP: 13/23 MP: 2/2
  1116 | D:2      | Reached XP level 3. HP: 25/28 MP: 3/3
  1172 | D:2      | Reached skill level 3 in Fighting
  1523 | D:2      | Reached XP level 4. HP: 35/35 MP: 4/4
  2169 | D:2      | Found a shadowy altar of Dithmenos.
  2892 | D:3      | Gained mutation: You are partially covered in icy blue
                  | scales. (AC +2) [demonic ancestry]
  2892 | D:3      | Reached XP level 5. HP: 42/42 MP: 5/5
  2895 | D:3      | Found a sparkling altar of Nemelex Xobeh.
  3012 | D:3      | Reached skill level 4 in Fighting
  3176 | D:3      | Noticed Natasha
  3183 | D:3      | Killed Natasha
  3241 | D:3      | Noticed Natasha
  3245 | D:3      | Killed Natasha
  3256 | D:3      | Noticed Natasha
  3264 | D:3      | Killed Natasha
  3265 | D:3      | Found a blossoming altar of Fedhas.
  3340 | D:3      | Found a faded altar of an unknown god.
  3574 | D:3      | Noticed Ijyb
  3581 | D:3      | Killed Ijyb
  3582 | D:3      | Reached XP level 6. HP: 49/49 MP: 6/6
  3906 | D:4      | Identified the +6 hand axe of Impermanence {vorpal, Contam
                  | rPois Str+5 Dex+2}
  4115 | D:4      | Reached skill level 5 in Fighting
  4115 | D:4      | Reached skill level 5 in Long Blades
  4486 | D:5      | Entered Level 5 of the Dungeon
  4539 | D:5      | Noticed a sky beast
  4546 | D:5      | Killed a sky beast
  4591 | D:5      | Reached XP level 7. HP: 36/56 MP: 7/7
  4714 | D:5      | Found a shimmering altar of Xom.
  4734 | D:5      | Noticed Prince Ribbit
  4751 | D:5      | Killed Prince Ribbit
  4752 | D:5      | Reached skill level 6 in Fighting
  5000 | D:5      | Found a staircase to the Ecumenical Temple.
  5011 | Temple   | Entered the Ecumenical Temple
  5271 | Temple   | Became a worshipper of Uskayaw the Reveller
  5314 | D:5      | Reached * piety under Uskayaw
  5317 | D:5      | Reached ** piety under Uskayaw
  5318 | D:5      | Reached skill level 1 in Axes
  5318 | D:5      | Gained mutation: You are mostly covered in icy blue scales.
                  | (AC +3) [demonic ancestry]
  5318 | D:5      | Reached XP level 8. HP: 63/65 MP: 8/8
  5451 | D:5      | Noticed Grinder
  5459 | D:5      | Killed Grinder
  5459 | D:5      | Reached *** piety under Uskayaw
  5460 | D:5      | Reached skill level 7 in Fighting
  5851 | D:6      | Reached **** piety under Uskayaw
  5854 | D:6      | Reached ***** piety under Uskayaw
  6131 | D:6      | Reached skill level 8 in Fighting
  6295 | D:6      | Found an iron altar of Okawaru.
  6319 | D:6      | Fell from the grace of Uskayaw
  6319 | D:6      | Became a worshipper of Warmaster Okawaru
  6715 | D:7      | Reached XP level 9. HP: 58/75 MP: 9/9
  7218 | D:7      | Reached skill level 5 in Axes
  7235 | D:7      | Slain by a wyvern zombie

Illustrated notes

Levels and vault maps discovered:
D:1:      eino_arrival_druids_welcome, layout_rooms
D:2:      minmay_spotlight, layout_basic, basic_altar, minivault_19
D:3:      minmay_roachtagon, layout_loops_ring, fedhas_altar_1,
          lemuel_tele_altar, ebering_ecumenical_altar_abandoned,
          chequers_arboretum, uniq_natasha, uniq_ijyb
D:4:      layout_loops_cross
D:5:      layout_loops_ring, mainiacjoe_overflow_big_doors,
          minmay_temple_entry_overgrown, uniq_grinder, uniq_prince_ribbit1
D:6:      layout_rooms, okawaru_gym_becter
D:7:      layout_basic, nicolae_overflow_crystal_walls, grunt_decor_cap,
          chequers_jeans, chequers_avenue, minmay_fractal_squares_5
Temple:   regret_index_temple_generic_petals

Skill      XL: |  1  2  3  4  5  6  7  8  9 |
---------------+----------------------------+-----
Long Blades    | 3 4 5 6 |  6.5
Fighting       | 3 4 5 6 8 |  8.9
Axes           | 1 4 5 |  5.0
Throwing       | |  1.7
Dodging        | |  2.6

Action                   |  1- 3 |  4- 6 |  7- 9 || total
-------------------------+-------+-------+-------++-------
Melee: Long sword        |    71 |    52 |       ||   123
       Kick              |    18 |    54 |    56 ||   128
       Short sword       |       |   130 |       ||   130
       Hand axe          |       |    14 |   128 ||   142
Throw: Javelin           |       |       |     3 ||     3
  Use: Potion            |       |     1 |       ||     1
 Stab: Sleeping          |       |     5 |     1 ||     6
       Paralysed         |       |       |     3 ||     3
Armor: Leather armour    |    41 |    64 |    74 ||   179
Dodge: Dodged            |    58 |    98 |    93 ||   249
       Rpst.: Long sword |    14 |     9 |       ||    23
